AoeStats
← elecfan

Arabia

510029612Analyzed
1v1 RM · 4d ago on Sep 29, 2026· 43m 55s· 2 players
Game mode
Random Map
Map size
Tiny (2 player)
Population
200
Speed
Normal
Resources
Standard
Victory
Conquest
Starting age
Dark Age
Ending age
Imperial Age
RankedLock teamsTeams togetherTeam positionsShared explorationLock speedFull tech treeHidden civsTurbo modeCheats
Victory
Defeat
🇹🇼 Vietnamese · Taiwan
1175
+17
🇦🇺 Ethiopians · Australia
1186
-17
elecfan
6:20 Loom
8:55 Feudal Age
9:27 Double-Bit Axe
15:18 Wheelbarrow
21:47 Castle Age
19:59 Gold Mining
20:33 Fletching
21:04 Padded Archer Armor
20:57 Horse Collar
22:47 Bow Saw
25:14 Elite Skirmisher
27:37 Town Watch
28:31 Bloodlines
31:36 Stone Mining
32:00 Heavy Plow
32:35 Hand Cart
32:37 Husbandry
34:23 Scale Barding Armor
34:29 Forging
34:15 Bodkin Arrow
39:03 Imperial Age
37:03 Thumb Ring
37:37 Iron Casting
37:00 Light Cavalry
38:19 Ballistics
39:12 Masonry
39:33 Chain Barding Armor
39:28 Leather Archer Armor
41:05 Chemistry
40:01 Murder Holes
39:40 Cavalier
41:24 Plate Barding Armor
40:49 Imperial Skirmisher
43:55 Bracer
Cutloose
8:26 Loom
10:59 Feudal Age
11:16 Man-at-Arms
11:45 Double-Bit Axe
20:35 Castle Age
19:58 Fletching
20:39 Crossbowman
21:29 Thumb Ring
21:45 Bodkin Arrow
26:00 Padded Archer Armor
25:46 Light Cavalry
31:10 Gold Mining
32:55 Horse Collar
35:09 Wheelbarrow
39:47 Imperial Age
37:54 Ballistics
38:03 Husbandry
38:16 Town Watch
39:40 Leather Archer Armor
40:33 Bracer
40:02 Arbalester
41:55 Chemistry
Connection lost

Rejoining the realm…

Still unreachable

The connection could not be restored.

Session expired

The server has moved on; the page needs a fresh start.